 Dungeon Crawl Stone Soup version 0.29.1-13-g9f3cf754e1 (webtiles) character file.

Game seed: 17949074517821344137

10 shadowmeld the Insei (level 2, 0/22 HPs)
             Began as a Djinni Transmuter on Feb 1, 2023.
             Engulfed by a cloud of flame (9 damage)
             ... on level 1 of the Dungeon.
             The game lasted 00:03:37 (847 turns).

shadowmeld the Insei (Djinni Transmuter)             Turns: 847, Time: 00:03:38

Health: 0/22       AC:  2    Str:  9    XL:     2   Next: 30%
Gold:   34         EV: 12    Int: 14    God:
                   SH:  0    Dex: 13

rFire   + + .      SeeInvis .     - Unarmed
rCold   x . .      Faith    .   (no shield)
rNeg    . . .      Spirit   .   a - +0 robe
rPois   ∞          Reflect  .   (no helmet)
rElec   .          Harm     .   (no cloak)
rCorr   .          Rampage  .   (no gloves)
Will    .....                   (boots unavailable)
Stlth   +.........              (no amulet)
HPRegen 0.07/turn               (no ring)
MPRegen 0.00/turn               (no ring)

@: flying
A: sickness immunity, fire resistance 2, cold vulnerability 1, float, innate
caster, HP casting, extra vitality 1
a: no special abilities


You were on level 1 of the Dungeon.
You visited 1 branch of the dungeon, and saw 1 of its levels.

You collected 34 gold pieces.

Inventory:

Armour
 a - a +0 robe (worn)
Scrolls
 c - a scroll of enchant armour {unknown}
 e - a scroll of identify {unknown}
Potions
 b - a potion of lignification
 d - a potion of curing {unknown}
 f - a potion of degeneration {unknown}


   Skills:
 * Level 1.2 Fighting
 * Level 2.4 Dodging
 + Level 3.2 Unarmed Combat
 * Level 1.7 Spellcasting


You couldn't memorise any spells.
You knew the following spells:

 Your Spells              Type           Power      Damage    Failure   Level
a - Beastly Appendage     Tmut           12%        N/A       12%         1
b - Wereblood             Tmut           6%         N/A       19%         2
c - Spider Form           Tmut/Pois      6%         N/A       34%         3
d - Ice Form              Ice/Tmut       6%         N/A       75%         4
Your spell library was empty.

Dungeon Overview and Level Annotations

Branches:
Dungeon (1/15)

Altars:


Innate Abilities, Weirdness & Mutations

You are immune to sickness and miasma.
You are immune to poison.
Your flesh is very heat resistant. (rF++)
You are vulnerable to cold. (rC-)
You float through the air rather than walking.
You learn spells naturally, not from books.
Your magical power is your life essence.
You have superior vitality. (+4 MHP)


Message History

You grow a pair of large bovine horns.
The ball python bites you. The ball python constricts you.
You hit the ball python but do no damage.
You headbutt the ball python.
The ball python is moderately wounded.
The ball python bites you. The ball python constricts you.
The ball python bites you. The ball python constricts you.
You barely miss the ball python.
The ball python is moderately wounded.
The ball python bites you but does no damage.
The ball python constricts you.
You closely miss the ball python. You headbutt the ball python.
You kill the ball python!
Your transformation is almost over.
Your horns disappear.
e - a scroll labelled ITIUNYK UXUA
Found a stone staircase leading down.
Found a chain mail.
Found 12 gold pieces.
Really fly into a travel-excluded area?
Found a bubbling inky potion and a glaive.
Really fly into that cloud of flame?
You are engulfed in blazing flames.
You resist.
You are engulfed in blazing flames.
You resist.
You are engulfed in blazing flames.
You resist.
* * * LOW HITPOINT WARNING * * *
Found a buckler.
You see here a +0 chain mail.
You start resting.
HP restored.
You now have 34 gold pieces (gained 12).
f - a bubbling inky potion You see here a +0 glaive.
You see here a +0 chain mail.
Really fly into a travel-excluded area?
Really fly into that cloud of flame?
You are engulfed in blazing flames.
You resist.
You are engulfed in blazing flames.
You resist.
You are engulfed in blazing flames.
You resist.
You die...

#######.##.#.# ##.
#.......##.#.# .
#.#####......#
#...#### #☼§°# #☼.§#
# #.°§#
#.#####...###### #
#..§☼§..[..☼§@.#....
#..§.°.....°§☼.....#
##.☼○..)...§○○.#..##
######...###### .#
#§§○# .. #○..# ##
#§§§# #...# ##...


There were no monsters in sight!

Vanquished Creatures
  2 ball pythons (D:1)
  2 endoplasms (D:1)
  A giant cockroach (D:1)
  A goblin (D:1)
  A hobgoblin (D:1)
  A kobold (D:1)
8 creatures vanquished.

Notes
Turn   | Place    | Note
-------+----------+-------------------------------------------
     0 | D:1      | shadowmeld the Djinni Transmuter began the quest for the
                  | Orb.
     0 | D:1      | shadowmeld set off with the following spells memorised:
                  | Beastly Appendage, Wereblood, Spider Form, Ice Form.
     0 | D:1      | Reached XP level 1. HP: 17/17 MP: 0/0
   261 | D:1      | Reached XP level 2. HP: 22/22 MP: 0/0
   847 | D:1      | Engulfed by a cloud of flame

Illustrated notes

Levels and vault maps discovered:
D:1:      heliophobic_arrival_ceremonial_halls, layout_loops_cross,
          lemuel_flame_loot_1

Action                   || total
-------------------------++-------
Melee: Unarmed           ||    20
       Headbutt          ||     5
       Punch             ||     1
 Cast: Beastly Appendage ||     6
 Stab: Sleeping          ||     1
Armor: Robe              ||     2
Dodge: Dodged            ||    12
